 Dungeon Crawl Stone Soup version 0.29.1 (webtiles) character file.

Game seed: 12591827299186705828

4556 GigaChad the Carver (level 10, -5/90 HPs)
             Began as a Minotaur Fighter on Sept 13, 2022.
             Was an Initiate of Ashenzari.
             Slain by a vault guard
             ... wielding a +0 broad axe
              (10 damage)
             ... in a bailey.
             The game lasted 00:21:56 (7948 turns).

GigaChad the Carver (Minotaur Fighter)              Turns: 7948, Time: 00:21:57

Health: -5/90      AC: 25    Str: 23    XL:     10   Next: 18%
Magic:  13/13      EV: 11    Int:  7    God:    Ashenzari [......]
Gold:   535        SH:  5    Dex: 10    Spells: 14/14 levels left

rFire   . . .      SeeInvis .   a - +0 long sword (protect)
rCold   + . .      Faith    .   c - +0 buckler
rNeg    + . .      Spirit   .   t - +0 plate armour
rPois   .          Reflect  .   (helmet restricted)
rElec   .          Harm     .   (no cloak)
rCorr   .          Rampage  .   j - +3 pair of gloves "Horoth" {rC+ rN+}
Will    .....                   (no boots)
Stlth   ..........              h - amulet of the acrobat
HPRegen 0.25/turn               r - +4 ring of evasion
MPRegen 0.13/turn               (no ring)

@: under a protective aura
A: horns 2, retaliatory headbutt
a: Renounce Religion


You were in a bailey.
You worshipped Ashenzari.
Ashenzari was noncommittal.
You visited 2 branches of the dungeon, and saw 9 of its levels.
You also visited: Ossuary and Bailey.

You collected 535 gold pieces.

Inventory:

Hand Weapons
 a - a +0 long sword of protection (weapon)
 l - a +0 vorpal arbalest
 p - a +3 mace
 w - a +0 broad axe
 y - a +4 quarterstaff of chaos
Armour
 b - a +0 scale mail
 c - a +0 buckler (worn)
 j - the +3 pair of gloves "Horoth" (worn) {rC+ rN+}
   (You found it on level 2 of the Dungeon)

   rC:        It protects you from cold.
   rN:        It protects you from negative energy.
 t - a +0 plate armour (worn)
Magical Staves
 o - a staff of earth
 I - a staff of air
Jewellery
 h - an amulet of the acrobat (around neck)
 r - a +4 ring of evasion (left hand)
 J - an amulet of magic regeneration
Wands
 i - a wand of mindburst (15)
 m - a wand of flame (3)
 x - a wand of polymorph (7)
 C - a wand of paralysis (10)
 F - a wand of quicksilver (9)
Scrolls
 g - 2 scrolls of torment
 n - 2 scrolls of poison
 u - 2 scrolls of butterflies
 v - 3 scrolls of teleportation
 A - 2 scrolls of immolation
 B - 3 scrolls of blinking
 G - 3 scrolls of identify
 L - a scroll of summoning
 N - a scroll of enchant armour {unknown}
Potions
 d - 2 potions of might
 e - 3 potions of degeneration {unknown}
 f - 3 potions of heal wounds
 k - 3 potions of attraction
 q - 7 potions of curing
 s - 2 potions of lignification {unknown}
 z - a potion of flight {unknown}
 D - a potion of cancellation {unknown}
 E - 4 potions of brilliance {unknown}
 H - a potion of resistance {unknown}
 K - a potion of ambrosia {unknown}
 M - a potion of invisibility {unknown}
 O - a potion of mutation {unknown}


   Skills:
 * Level 8.9 Fighting
 + Level 10.3 Long Blades
 + Level 8.6 Armour
 + Level 1.4 Dodging
 * Level 3.4 Stealth
 + Level 6.9 Shields
 * Level 2.6 Spellcasting
 + Level 1.1 Evocations


You had 14 spell levels left.
You didn't know any spells.
Your spell library contained the following spells:

 Spells                   Type           Power      Damage    Failure   Level
 Poisonous Vapours        Pois/Air       0%         N/A       100%        2
 Sublimation of Blood     Necr           0%         N/A       100%        2
 Corpse Rot               Necr/Pois/Air  0%         N/A       100%        4
 Petrify                  Tmut/Erth      0%         N/A       100%        4
 Blade Hands              Tmut           0%         N/A       100%        5
 Irradiate                Conj/Tmut      0%         3d11      100%        5
 Dragon Form              Tmut           0%         N/A       100%        7


Dungeon Overview and Level Annotations

Branches:
Dungeon (8/15)             Temple (1/1) D:7         Ossuary (visited)
 Bailey (1/1)
   Lair: D:8-11

Altars:
Ashenzari
Cheibriados
Dithmenos
Elyvilon
Fedhas
Gozag
Hepliaklqana
Kikubaaqudgha
Makhleb
Nemelex Xobeh
Okawaru
Qazlal
Ru
Sif Muna
Trog
Uskayaw
Wu Jian
Xom
Yredelemnul
Zin
The Shining One

Shops:
D:5 [   D:7 :   D:8 !

Annotations:
Temple 2 transporters


Innate Abilities, Weirdness & Mutations

You have a pair of horns on your head.
You reflexively headbutt those who attack you in melee.


Message History

You closely miss the vault guard.
You headbutt the vault guard, but do no damage.
The vault guard is lightly wounded.
The vault guard hits you with a +0 broad axe!!
You hit the vault guard but do no damage.
The vault guard is lightly wounded.
The vault guard hits you with a +0 broad axe!
* * * LOW HITPOINT WARNING * * *
You slash the vault guard! You headbutt the vault guard.
The vault guard is moderately wounded.
You hit the vault guard.
You headbutt the vault guard, but do no damage.
The vault guard is moderately wounded.
The vault guard barely misses you.
You barely miss the vault guard. Your headbutt misses the vault guard.
The vault guard is moderately wounded.
The vault guard hits you with a +0 broad axe.
* * * LOW HITPOINT WARNING * * *
You slash the vault guard!
The vault guard is heavily wounded.
The vault guard closely misses you.
You hit the vault guard.
You headbutt the vault guard, but do no damage.
The vault guard is heavily wounded.
The vault guard hits you but does no damage.
You closely miss the vault guard.
The vault guard is heavily wounded.
The vault guard hits you but does no damage.
You slash the vault guard!
The vault guard is severely wounded.
The vault guard hits you with a +0 broad axe!
* * * LOW HITPOINT WARNING * * *
You hit the vault guard.
The vault guard is severely wounded.
The vault guard barely misses you. You furiously retaliate!
You headbutt the vault guard.
You hit the vault guard but do no damage.
The vault guard is severely wounded.
The vault guard hits you with a +0 broad axe!
You die...

###### #~p@.### #~~.†#≈.~##
#~...~#≈.~~## #...~##≈.~~~#
#########?!###≈~..~#######
##....#≈≈####≈≈~...##.....##
##.....#)~≈≈≈≈~~....#.......#
#...#..)..~~~~.~....').∩....#
#...#..#............#.......#


You could see a vault guard.

Vanquished Creatures
  A vault guard (Bailey)
  Prince Ribbit (Bailey)
  A hornet (D:7)
  A wyvern (D:7)
  5 humans (Bailey)
  Duvessa (D:4)
  2 water moccasins (D:7)
  An ice beast (D:6)
  3 ogres
  A phantom (D:4)
  A kobold brigand (D:6)
  A necrophage (D:5)
  A gnoll sergeant (D:7)
  11 bullfrogs
  2 scorpions (D:5)
  A wight (D:7)
  Dowan (D:4)
  2 centaur zombies (Ossuary)
  A human zombie (Ossuary)
  5 orc priests
  4 hounds
  A jelly (D:6)
  Crazy Yiuf (D:4)
  Terence (D:3)
  An iguana (D:6)
  6 orc wizards
  2 hound zombies (Ossuary)
  3 mummies (Ossuary)
  Robin (D:2)
  5 gnolls (D:7)
  2 adders
  An ufetubus (D:7)
  5 adder zombies (Ossuary)
  2 worms
  4 dart slugs
  38 orcs
  5 ball pythons
  3 bats
  2 endoplasms (D:2)
  3 giant cockroaches (D:3)
  A gnoll zombie (Ossuary)
  15 goblins
  4 hobgoblins
  2 jackals (D:5)
  A quokka (D:3)
  A frilled lizard (D:3)
  5 goblin zombies (Ossuary)
  A hobgoblin zombie (Ossuary)
  4 jackal zombies (Ossuary)
  10 kobolds
  3 kobold zombies (Ossuary)
  3 orc zombies (Ossuary)
  4 quokka zombies (Ossuary)
  7 rats
  2 rat zombies (Ossuary)
196 creatures vanquished.

Vanquished Creatures (others)
  5 plants (D:3)
5 creatures vanquished.

Grand Total: 201 creatures vanquished

Notes
Turn   | Place    | Note
-------+----------+-------------------------------------------
     0 | D:1      | GigaChad the Minotaur Fighter began the quest for the Orb.
     0 | D:1      | Reached XP level 1. HP: 19/19 MP: 0/0
    16 | D:1      | You fall into a shaft and drop 1 floor!
   329 | D:2      | Reached XP level 2. HP: 24/27 MP: 1/1
   543 | D:2      | Reached skill level 3 in Long Blades
   549 | D:2      | Identified the +3 pair of gloves "Horoth" {rC+ rN+}
   611 | D:2      | Noticed Robin
   616 | D:2      | Reached XP level 3. HP: 27/33 MP: 2/2
   632 | D:2      | Killed Robin
  1070 | D:3      | Reached skill level 4 in Long Blades
  1070 | D:3      | Reached XP level 4. HP: 29/40 MP: 3/3
  1187 | D:3      | Noticed Terence
  1197 | D:3      | Killed Terence
  1712 | D:4      | Reached XP level 5. HP: 47/47 MP: 4/4
  1784 | D:4      | Noticed Duvessa
  1786 | D:4      | Noticed Dowan
  1809 | D:4      | Killed Duvessa
  1810 | D:4      | Reached skill level 5 in Long Blades
  1821 | D:4      | Killed Dowan
  1822 | D:4      | Reached skill level 5 in Shields
  1822 | D:4      | Reached XP level 6. HP: 21/55 MP: 5/5
  2070 | D:4      | Reached skill level 5 in Fighting
  2070 | D:4      | Reached skill level 5 in Armour
  2186 | D:4      | Found a sand-covered staircase.
  2191 | Ossuary  | Entered an ossuary
  2235 | Ossuary  | Reached skill level 1 in Dodging
  2394 | Ossuary  | Reached XP level 7. HP: 61/61 MP: 6/6
  2512 | Ossuary  | Reached skill level 6 in Long Blades
  3050 | D:4      | Found a runed translucent door.
  3051 | D:4      | Noticed Crazy Yiuf
  3057 | D:4      | Killed Crazy Yiuf
  3101 | D:5      | Entered Level 5 of the Dungeon
  3129 | D:5      | Reached skill level 7 in Long Blades
  3495 | D:5      | Reached XP level 8. HP: 71/71 MP: 7/7
  3599 | D:5      | Found Vyfooc's Armour Boutique.
  3659 | D:5      | Reached skill level 1 in Stealth
  4044 | D:5      | Found a stormy altar of Qazlal.
  4262 | D:6      | Reached skill level 8 in Long Blades
  5060 | D:7      | Found Ingishra's Book Boutique.
  5231 | D:7      | Found a staircase to the Ecumenical Temple.
  5241 | Temple   | Entered the Ecumenical Temple
  5241 | Temple   | Found a transporter.
  5241 | Temple   | Found a transporter.
  5243 | Temple   | Found a transporter.
  5243 | Temple   | Found a transporter.
  5254 | Temple   | Became a worshipper of Ashenzari the Shackled
  5322 | D:7      | Reached skill level 1 in Spellcasting
  5508 | D:7      | Reached XP level 9. HP: 36/79 MP: 9/9
  5713 | D:7      | Reached skill level 9 in Long Blades
  5713 | D:7      | Reached skill level 1 in Evocations
  5812 | D:7      | Found a white marble altar of Elyvilon.
  5815 | D:7      | Paralysed by a hornet for 2 turns
  5825 | D:7      | Found a sparkling altar of Nemelex Xobeh.
  6579 | D:8      | Found Xebb's Distillery.
  6748 | D:8      | Found a flagged portal.
  6760 | Bailey   | Entered a bailey
  6943 | Bailey   | Reached skill level 10 in Long Blades
  7353 | Bailey   | Noticed Prince Ribbit
  7353 | Bailey   | Noticed a vault guard
  7377 | Bailey   | Killed a vault guard
  7378 | Bailey   | Reached XP level 10. HP: 14/90 MP: 12/12
  7381 | Bailey   | Killed Prince Ribbit
  7927 | Bailey   | Noticed a vault guard
  7946 | Bailey   | HP: 4/90 [vault guard/+0 broad axe (14)]
  7948 | Bailey   | Slain by a vault guard

Illustrated notes

Levels and vault maps discovered:
D:1:      dpeg_arrival_three_bigger_balls, layout_basic,
          shapermc_ecumenical_altar_rom_forum, minivault_24
D:2:      kennysheep_six_static_rooms, layout_basic, uniq_robin
D:3:      cheibrodos_old_hovel, layout_rooms, serial_bayou_pond_d, uniq_terence
D:4:      layout_loops_ring, enter_ossuary_5, uniq_crazy_yiuf_cottage,
          uniq_duvessa
D:5:      layout_cave_pools, nicolae_overflow_hidden_temple, serial_shops,
          nicolae_take_the_stairs, kennysheep_dice
D:6:      layout_cave_pools, minmay_circle_x
D:7:      layout_cave_pods, jmf_multi_god_temple, minmay_temple_entry_junction,
          serial_shops, kennysheep_mini
D:8:      layout_cave_pods, serial_undead, serial_undead_b, serial_undead_f,
          serial_undead_c, serial_undead_f, serial_undead_a, serial_shops,
          nicolae_shop_crystal, shop, shop, shop, nicolae_shop_behind_doors,
          enter_bailey_3, uniq_maurice
Temple:   hellmonk_temple_divided_pantheon
Bailey:   bailey_axe_froggy_fort_hellmonk, bailey

Skill      XL: |  1  2  3  4  5  6  7  8  9 |
---------------+----------------------------+-----
Shields        | 4 5 6 |  6.9
Long Blades    | 3 4 5 7 8 10 | 10.3
Armour         | 4 5 6 7 8 |  8.6
Fighting       | 4 5 6 7 8 |  8.9
Dodging        | 1 |  1.4
Stealth        | 2 3 |  3.4
Spellcasting   | 1 2 |  2.6
Evocations     | 1 |  1.1

Action                   |  1- 3 |  4- 6 |  7- 9 | 10-12 || total
-------------------------+-------+-------+-------+-------++-------
Melee: Long sword        |    63 |   140 |   356 |    23 ||   582
       Headbutt          |    10 |    32 |    77 |     5 ||   124
       Broad axe         |       |       |     2 |       ||     2
Evoke: Wand              |       |     2 |     4 |     1 ||     7
  Use: Scroll            |     1 |     4 |     8 |       ||    13
Armor: Scale mail        |    28 |    15 |       |       ||    43
       Plate armour      |       |    51 |   252 |     5 ||   308
Dodge: Dodged            |    48 |   103 |   334 |    10 ||   495
Block: Buckler           |    18 |    32 |   124 |     1 ||   175
